 Dungeon Crawl Stone Soup version 0.19-a0-1732-g0b18a7b (webtiles) character file.

138 holy777 the Vexing (level 5, -6/38 HPs)
             Began as a Formicid Arcane Marksman on Sept 30, 2016.
             Killed by nerve-wracking pain
             ... invoked by Grinder
              (8 damage)
             ... on level 3 of the Dungeon.
             The game lasted 00:08:11 (2317 turns).

holy777 the Vexing (Formicid Arcane Marksman)       Turns: 2317, Time: 00:08:12

Health: -6/38      AC:  3    Str: 16    XL:     5   Next: 45%
Magic:  4/6        EV: 12    Int: 12    God:
Gold:   163        SH:  0    Dex: 11    Spells: 2 memorised, 1 level left

rFire  . . .     SeeInvis +     a - +0 hand crossbow
rCold  . . .     Gourm    .     k - +1 animal skin
rNeg   . . .     Faith    .     (no shield)
rPois  .         Spirit   .     (helmet unavailable)
rElec  .         Dismiss  .     (no cloak)
rCorr  .         Reflect  .     (no gloves)
MR     .....     Harm     .     (no boots)
Stlth  ++........               (no amulet)
                                (no ring)
                                (no ring)

@: no status effects
A: permanent stasis, dig shafts and tunnels, four strong arms, antennae 3
a: Dig, Shaft Self


You were on level 3 of the Dungeon.
You were not hungry.

You visited 1 branch of the dungeon, and saw 3 of its levels.

You collected 163 gold pieces.

Inventory:

Hand Weapons
 a - a +0 hand crossbow (weapon)
Missiles
 d - 26 bolts (quivered)
 o - 5 tomahawks
Armour
 k - a +1 animal skin (worn)
 r - a +3 leather armour of magic resistance
Wands
 e - a wand of teleportation (3/9)
Scrolls
 i - 3 scrolls of enchant armour
 l - 2 scrolls of recharging {unknown}
 m - 3 scrolls of remove curse
 p - a scroll of amnesia {unknown}
 q - 2 scrolls of immolation {unknown}
Potions
 h - 2 potions of lignification
 j - a potion of degeneration {unknown}
 t - a potion of mutation {unknown}
Books
 c - a book of Debilitation

   Spells                             Type                      Level
   a - Corona                         Hexes                        1
   b - Slow                           Hexes                        2
   c - Gell's Gravitas                Hexes/Translocation          3
   d - Inner Flame                    Hexes/Fire                   3
   e - Cause Fear                     Hexes                        4
   f - Leda's Liquefaction            Hexes/Earth                  4
Comestibles
 b - 3 beef jerkies
 f - 4 bread rations
 g - 2 meat rations
 n - 4 fruits


   Skills:
 + Level 1.9 Fighting
 + Level 4.1 Crossbows
 + Level 2.0 Dodging
 + Level 1.1 Stealth
 + Level 1.3 Spellcasting
 + Level 4.4 Hexes


You had one spell level left.
You knew the following spells:

 Your Spells              Type           Power        Failure   Level  Hunger
a - Corona                Hex            ##.....      6%          1    ##.....
b - Cause Fear            Hex            ##........   54%         4    #####..


Dungeon Overview and Level Annotations

Branches:
Dungeon (3/15)

Altars:
Dithmenos
Yredelemnul

Annotations:
D:3 Grinder


Innate Abilities, Weirdness & Mutations

You are under a permanent stasis effect.
You can dig through walls and to a lower floor.
Your four strong arms can wield two-handed weapons with a shield.
You have a pair of large antennae on your head. (SInv)


Message History

Aim: Grinder (lightly wounded, chance to defeat MR: 47%) Grinder is outlined in light.
Grinder hits you.
You writhe in agony.
Firing (i - inventory. (,) - cycle):
d - 28 bolts (quivered)
Press: ? - help, Shift-Dir - straight line, f/p - Grinder
Aim: Grinder (lightly wounded, softly glowing)
You shoot a bolt. The bolt hits Grinder!
Grinder is heavily wounded.
Grinder hits you!
* * * LOW HITPOINT WARNING * * *
You writhe in agony.
* * * LOW HITPOINT WARNING * * *
Firing (i - inventory. (,) - cycle):
d - 27 bolts (quivered)
Press: ? - help, Shift-Dir - straight line, f/p - Grinder
Aim: Grinder (heavily wounded, softly glowing)
You shoot a bolt. The bolt hits Grinder!
Grinder is severely wounded.
Grinder says, "Just stop there for a second..."
Grinder gestures at you. Pain shoots through your body!
You die...

#.#####.#
#.#####.########
#..............#
#.##.##.######.#
.....##.# #.#
#.......# #.#
#.#####.# #.#
........#
####[####
.########
#.....@.#
..######
#.##.##5#
.......# #.
#.##.#
.......##.
#.##.# 8......#.
..##.# .......#
... ....(#
.......#
#.########
...##### #.#
...# #.#


You could see Grinder.

Vanquished Creatures
  Ijyb (D:3)
  Robin (D:2)
  4 adders
  An ooze (D:1)
  A worm (D:2)
  2 leopard geckos (D:2)
  3 bats
  3 giant cockroaches
  14 goblins
  4 hobgoblins
  7 jackals (D:2)
  A ball python (D:2)
  4 frilled lizards (D:2)
  5 kobolds
  3 rats
54 creatures vanquished.

Notes
Turn   | Place    | Note
-------+----------+-------------------------------------------
     0 | D:1      | holy777 the Formicid Arcane Marksman began the quest for the Orb.
     0 | D:1      | Reached XP level 1. HP: 15/15 MP: 2/2
   658 | D:1      | Reached XP level 2. HP: 21/21 MP: 1/3
   887 | D:2      | Found a basalt altar of Yredelemnul.
   972 | D:2      | Reached XP level 3. HP: 25/26 MP: 4/4
   973 | D:2      | Noticed Robin
   984 | D:2      | Killed Robin
  1043 | D:2      | Reached skill level 1 in Stealth
  1119 | D:2      | Reached XP level 4. HP: 32/32 MP: 5/5
  1125 | D:2      | Learned a level 4 spell: Cause Fear
  1193 | D:2      | Found a shadowy altar of Dithmenos.
  1811 | D:3      | Reached XP level 5. HP: 38/38 MP: 6/6
  2044 | D:3      | Noticed Ijyb
  2052 | D:3      | Killed Ijyb
  2224 | D:3      | Found a faded altar of an unknown god.
  2308 | D:3      | Noticed Grinder
  2316 | D:3      | HP: 1/38 [Grinder (3)]
  2317 | D:3      | Killed from afar by Grinder

Vault maps used:
D:1:      enne_arrival_octagon_isle, minmay_distorted
D:2:      yredelemnul_altar_generic, grunt_dithmenos_smoke_and_mirrors,
          uniq_robin
D:3:      ecumenical_altar_2, uniq_iyjb, uniq_grinder

Skill      XL: |  1  2  3  4  5 |
---------------+----------------+-----
Hexes          | 4 |  4.4
Dodging        | 2 |  2.0
Stealth        | 1 |  1.1
Crossbows      | 3 4 |  4.1
Fighting       | |  1.9
Spellcasting   | |  1.3

Action                   |  1- 3 |  4- 6 || total
-------------------------+-------+-------++-------
 Fire: Hand crossbow     |    44 |    74 ||   118
 Cast: Corona            |     1 |     5 ||     6
 Abil: Dig               |     2 |       ||     2
  Use: Scroll            |     5 |     1 ||     6
  Eat: Fruit             |     1 |       ||     1
       Chunk             |       |     2 ||     2
       Pizza             |       |     1 ||     1
Armor: Robe              |     1 |       ||     1
       Animal skin       |     4 |     4 ||     8
Dodge: Dodged            |     7 |    18 ||    25
